 Dungeon Crawl Stone Soup version 0.30-a0-331-g8ab09dc110 (webtiles) character file.

Game seed: 15806585557760824850

12414 jfcaron the Spear-Bearer (level 11, -6/84 (87) HPs)
             Began as a Gnoll Reaver on Oct 30, 2022.
             Was a Priest of Fedhas.
             Mangled by a gargoyle
             ... wielding a +0 mace
              (19 damage)
             ... on level 11 of the Dungeon.
             The game lasted 00:52:46 (11839 turns).

jfcaron the Spear-Bearer (Gnoll Reaver)            Turns: 11839, Time: 00:52:47

HP:   -6/84 (87)    AC:  8    Str: 13    XL:     11   Next: 93%
MP:   23/23         EV: 14    Int: 19    God:    Fedhas [***...]
Gold: 270           SH:  0    Dex: 10    Spells: 18/27 levels left

rFire   + + .      SeeInvis .    a - +0 trident (protect)
rCold   . . .      Faith    .    (no shield)
rNeg    . . .      Spirit   .    N - +2 robe {rF+}
rPois   .          Reflect  .    T - +0 helmet {Int+3}
rElec   .          Harm     .    G - +0 cloak
rCorr   +          Rampage  .    (no gloves)
Will    .....                    V - +0 pair of boots
Stlth   +++.......               (no amulet)
HPRegen 0.34/turn                D - ring of resist corrosion
MPRegen 0.18/turn                E - ring of Daffodils {rF+ Slay+4}

@: lightly drained
A: fangs 1, strong nose, distributed training
a: Renounce Religion, Wall of Briars, Grow Ballistomycete


You were on level 11 of the Dungeon.
You worshipped Fedhas.
Fedhas was most pleased with you.
You visited 1 branch of the dungeon, and saw 11 of its levels.
You also visited: Sewer.

You collected 615 gold pieces.
You spent 345 gold pieces at shops.

Inventory:

Hand Weapons
 a - a +0 trident of protection (weapon)
 b - a +0 dagger of electrocution
 d - a +2 dagger of venom
 s - a +0 scimitar of flaming
 u - a +1 dagger of speed
 J - a +0 vampiric halberd
 Q - a -2 demon whip of venom
 S - a +3 vampiric spear
Missiles
 q - 6 poisoned darts
 H - 2 throwing nets {!f}
 O - a curare-tipped dart {!f}
 X - 6 stones
Armour
 o - a +0 plate armour
 F - a +0 robe of willpower
 G - a +0 cloak (worn)
 N - a +2 robe of fire resistance (worn)
 T - a +0 helmet of intelligence (worn)
 V - a +0 pair of boots (worn)
Magical Staves
 i - a staff of fire
 t - a staff of earth
Jewellery
 c - a ring of see invisible
 D - a ring of resist corrosion (left hand)
 E - the ring of Daffodils (right hand) {rF+ Slay+4}
   (You found it on level 5 of the Dungeon)

   [ring of slaying]

   Slay:      It affects your accuracy & damage with ranged weapons and melee
   (+4).
   rF:        It protects you from fire.
Wands
 B - a wand of roots (10)
 I - a wand of flame (1)
 L - a wand of quicksilver (9)
Scrolls
 g - 9 scrolls of teleportation
 j - 2 scrolls of enchant weapon
 k - a scroll of noise
 y - 2 scrolls of amnesia
 C - a scroll of poison
 K - 2 scrolls of vulnerability
 M - a scroll of summoning
 P - 2 scrolls of identify
 U - a scroll of blinking
Potions
 e - a potion of magic
 l - 4 potions of flight
 m - 3 potions of brilliance
 n - a potion of haste
 p - 4 potions of mutation
 v - 3 potions of curing
 w - 3 potions of resistance
 x - a potion of cancellation
 A - 4 potions of invisibility
 W - a potion of might


   Skills:
 + Level 8.4 Fighting
 + Level 7.0 Short Blades
 + Level 7.0 Long Blades
 + Level 7.0 Axes
 + Level 7.0 Maces & Flails
 + Level 9.7 Polearms
 + Level 7.0 Staves
 + Level 7.0 Ranged Weapons
 + Level 7.0 Throwing
 + Level 7.0 Armour
 + Level 8.4 Dodging
 + Level 7.0 Stealth
 + Level 7.0 Shields
 + Level 7.0 Unarmed Combat
 + Level 8.7 Spellcasting
 + Level 8.1 Conjurations
 + Level 5.8 Hexes
 + Level 5.8 Summonings
 + Level 5.8 Necromancy
 + Level 5.8 Translocations
 + Level 5.8 Transmutations
 + Level 5.8 Fire Magic
 + Level 5.8 Ice Magic
 + Level 5.8 Air Magic
 + Level 5.8 Earth Magic
 + Level 5.8 Poison Magic
 + Level 7.7 Invocations
 + Level 7.0 Evocations


You had 18 spell levels left.
You knew the following spells:

 Your Spells              Type           Power      Damage    Failure   Level
a - Kiss of Death         Conj/Necr      100%       2d13      1%          1
b - Momentum Strike       Conj/Tloc      68%        3d9       1%          2
c - Hailstorm             Conj/Ice       34%        3d9       1%          3
d - Tukima's Dance        Hex            30%        N/A       2%          3

Your spell library contained the following spells:

 Spells                   Type           Power      Damage    Failure   Level
 Passage of Golubria      Tloc           30%        N/A       8%          4
 Yara's Violent Unravell  Hex/Tmut       15%        3d8       22%         5


Dungeon Overview and Level Annotations

Branches:
Dungeon (11/15)            Temple (0/1) D:7            Lair (0/5) D:9
  Sewer (visited)
    Orc: D:9-12

Altars:
Dithmenos
Elyvilon
Fedhas
Hepliaklqana
Kikubaaqudgha
Qazlal
Sif Muna
Vehumet
Xom
Zin
The Shining One

Shops:
D:8 *   D:11 *

Portals:
Ice
Cave: D:11

Annotations:
D:6 gold behind freezing cloud corridor


Innate Abilities, Weirdness & Mutations

You have very sharp teeth.
Your uncanny sense of smell can sniff out nearby items.
Your experience applies equally to all skills.


Message History

The puff of frost hits you!
* * * LOW HITPOINT WARNING * * *
Aiming: Throw Flame
Press: ? - help, Shift-Dir - straight line, f/p - white imp
Aim: a white imp (74% to hit)
The puff of flame hits the white imp.
The white imp is burned terribly!
The white imp is moderately wounded.
The white imp gestures at you. The puff of frost misses you.
Aiming: Throw Flame
Press: ? - help, Shift-Dir - straight line, f/p - white imp
Aim: a white imp (moderately wounded, 74% to hit)
The puff of flame misses the white imp.
Unknown command.
You feel much better. The white imp misses you.
You hit the white imp.
Your weapon exudes an aura of protection.
The white imp is heavily wounded.
The white imp hits you but does no damage.
You closely miss the white imp.
The white imp is heavily wounded.
The white imp gestures at you.
The puff of frost hits you but does no damage.
A gargoyle breaks down the door.
You closely miss the white imp.
The white imp is heavily wounded.
The white imp gestures at you.
The puff of frost hits you but does no damage.
You barely miss the white imp.
The white imp is heavily wounded.
The gargoyle hits you with a +0 mace!
* * * LOW HITPOINT WARNING * * *
The white imp gestures at you. The puff of frost hits you!
* * * LOW HITPOINT WARNING * * *
You feel better.
The white imp hits you but does no damage.
The gargoyle hits you with a +0 mace!!
You die...
Fedhas appreciates your contribution to the ecosystem.

###....# #.$....#
#.(((..# #..∩...#
#.....# #..!..#
#.5...# #@#
#####9#####
#.........# ###+####
###.........#
)....(>###['.........#
)......'...#.....(...#
.......#####.........#
.......# #.........#
.......# #..<......#


You could see a gargoyle and a white imp.

Vanquished Creatures
  Erica (D:8)
  4 two-headed ogres
  Amaemon (D:8)
  Pikel (D:4)
  A manticore (D:11)
  An orange demon (D:8)
  A troll (D:9)
  2 shadows
  11 yaks
  A wyvern (D:8)
  3 vampire mosquitoes (D:10)
  A wraith (D:10)
  3 dancing weapons
  2 acid dragons
  2 water moccasins
  5 orc warriors
  A black bear (D:6)
  A swamp drake (D:10)
  3 sky beasts
  3 ogres
  4 wolves (D:9)
  4 centaurs
  2 phantoms
  2 lemures (D:4)
  2 kobold brigands (Sewer)
  2 gnoll sergeants
  3 bullfrogs
  4 scorpions
  3 necrophages
  4 wights (D:7)
  2 howler monkeys
  5 electric eels (D:9)
  6 hounds
  A gnoll bouda (D:7)
  3 jellies
  6 orc priests
  4 iguanas
  10 orc wizards
  Robin (D:3)
  12 gnolls
  14 adders
  4 river rats (Sewer)
  15 white imps
  An ufetubus (D:4)
  2 worms
  3 dart slugs
  37 orcs
  12 ball pythons
  7 endoplasms
  14 goblins
  4 hobgoblins (D:3)
  12 jackals
  5 quokkas
  6 bats
  3 frilled lizards
  15 kobolds
  10 rats
  24 plants (Sewer)
316 creatures vanquished.

Notes
Turn   | Place    | Note
-------+----------+-------------------------------------------
     0 | D:1      | jfcaron the Gnoll Reaver began the quest for the Orb.
     0 | D:1      | Reached XP level 1. HP: 20/20 MP: 6/6
   214 | D:1      | Reached XP level 2. HP: 25/26 MP: 7/7
   819 | D:2      | Reached skill level 5 in Spellcasting
   819 | D:2      | Reached XP level 3. HP: 29/31 MP: 7/9
   832 | D:2      | Learned a level 2 spell: Momentum Strike
   836 | D:2      | Learned a level 3 spell: Hailstorm
   945 | D:2      | Reached skill level 1 in Invocations
   963 | D:2      | Found a glowing golden altar of the Shining One.
  1245 | D:3      | Found a glowing drain.
  1258 | D:3      | Reached skill level 1 in Short Blades
  1258 | D:3      | Reached skill level 1 in Long Blades
  1258 | D:3      | Reached skill level 1 in Axes
  1258 | D:3      | Reached skill level 1 in Maces & Flails
  1258 | D:3      | Reached skill level 1 in Staves
  1258 | D:3      | Reached skill level 1 in Ranged Weapons
  1258 | D:3      | Reached skill level 1 in Throwing
  1258 | D:3      | Reached skill level 1 in Armour
  1258 | D:3      | Reached skill level 1 in Stealth
  1258 | D:3      | Reached skill level 1 in Shields
  1258 | D:3      | Reached skill level 1 in Unarmed Combat
  1258 | D:3      | Reached skill level 1 in Evocations
  1279 | Sewer    | Entered a sewer
  1296 | Sewer    | Noticed a kobold brigand
  1314 | Sewer    | Killed a kobold brigand
  1315 | Sewer    | Reached skill level 1 in Hexes
  1315 | Sewer    | Reached skill level 1 in Summonings
  1315 | Sewer    | Reached skill level 1 in Necromancy
  1315 | Sewer    | Reached skill level 1 in Translocations
  1315 | Sewer    | Reached skill level 1 in Transmutations
  1315 | Sewer    | Reached skill level 1 in Fire Magic
  1315 | Sewer    | Reached skill level 1 in Ice Magic
  1315 | Sewer    | Reached skill level 1 in Air Magic
  1315 | Sewer    | Reached skill level 1 in Earth Magic
  1315 | Sewer    | Reached skill level 1 in Poison Magic
  1315 | Sewer    | Reached XP level 4. HP: 31/38 MP: 8/11
  1408 | Sewer    | Reached XP level 5. HP: 28/40 MP: 12/12
  1487 | Sewer    | Noticed a kobold brigand
  1498 | Sewer    | Killed a kobold brigand
  1674 | Sewer    | Reached XP level 6. HP: 42/50 MP: 13/13
  1855 | Sewer    | HP: 8/50 [river rat (8)]
  2378 | D:3      | Noticed Robin
  2391 | D:3      | Reached skill level 5 in Fighting
  2391 | D:3      | Reached skill level 5 in Dodging
  2401 | D:3      | Killed Robin
  2528 | D:3      | Found a white marble altar of Elyvilon.
  3749 | D:4      | Reached skill level 7 in Polearms
  3749 | D:4      | Reached XP level 7. HP: 49/56 MP: 15/15
  4310 | D:4      | HP: 2/55 [ogre/+0 giant spiked club (24)]
  4503 | D:4      | Noticed Pikel
  4524 | D:4      | Killed Pikel
  4525 | D:4      | Reached XP level 8. HP: 18/64 MP: 14/17
  4920 | D:5      | Entered Level 5 of the Dungeon
  4920 | D:5      | Found Esaessin's Magic Scroll Shop.
  4934 | D:5      | Bought a scroll of noise for 10 gold pieces
  4934 | D:5      | Bought a scroll of fear for 40 gold pieces
  4934 | D:5      | Bought a scroll of teleportation for 30 gold pieces
  4934 | D:5      | Bought a scroll of identify for 20 gold pieces
  4934 | D:5      | Bought a scroll of identify for 20 gold pieces
  5111 | D:5      | Found a stormy altar of Qazlal.
  5162 | D:5      | Identified the ring of Daffodils {rF+ Slay+4}
  5865 | D:6      | Reached XP level 9. HP: 51/64 MP: 18/18
  6503 | D:6      | Reached skill level 8 in Polearms
  6720 | D:6      | Reached skill level 5 in Invocations
  7045 | D:5      | Bought a scroll of vulnerability for 40 gold pieces
  7045 | D:5      | Bought a scroll of summoning for 95 gold pieces
  7045 | D:5      | Bought a scroll of teleportation for 30 gold pieces
  7087 | D:7      | Found a blossoming altar of Fedhas.
  7100 | D:7      | Became a worshipper of Fedhas Madash
  7310 | D:7      | Found a staircase to the Ecumenical Temple.
  7498 | D:7      | Reached * piety under Fedhas
  7499 | D:7      | Reached skill level 5 in Short Blades
  7499 | D:7      | Reached skill level 5 in Long Blades
  7499 | D:7      | Reached skill level 5 in Axes
  7499 | D:7      | Reached skill level 5 in Maces & Flails
  7499 | D:7      | Reached skill level 5 in Staves
  7499 | D:7      | Reached skill level 5 in Ranged Weapons
  7499 | D:7      | Reached skill level 5 in Throwing
  7499 | D:7      | Reached skill level 5 in Armour
  7499 | D:7      | Reached skill level 5 in Stealth
  7499 | D:7      | Reached skill level 5 in Shields
  7499 | D:7      | Reached skill level 5 in Unarmed Combat
  7499 | D:7      | Reached skill level 5 in Evocations
  7499 | D:7      | Reached XP level 10. HP: 74/77 MP: 10/20
  7816 | D:7      | Found a shadowy altar of Dithmenos.
  8006 | D:5      | Bought a scroll of poison for 40 gold pieces
  8006 | D:5      | Bought a scroll of identify for 20 gold pieces
  8072 | D:8      | Found Ugaik's CLEARANCE SALE!.
  8074 | D:8      | Noticed Erica
  8085 | D:8      | Killed Erica
  8184 | D:8      | Learned a level 3 spell: Tukima's Dance
  8481 | D:8      | Noticed an orange demon
  8481 | D:8      | Noticed Amaemon
  8501 | D:8      | Killed Amaemon
  8501 | D:8      | Killed an orange demon
  8625 | D:8      | Found a large runed translucent door.
  8645 | D:8      | Found a large runed translucent door.
  8684 | D:8      | Found an ancient bone altar of Kikubaaqudgha.
  9158 | D:8      | Found a hazy altar of Hepliaklqana.
  9181 | D:8      | Found a shimmering blue altar of Sif Muna.
  9262 | D:9      | Reached skill level 9 in Polearms
  9264 | D:9      | Reached skill level 5 in Hexes
  9264 | D:9      | Reached skill level 5 in Summonings
  9264 | D:9      | Reached skill level 5 in Necromancy
  9264 | D:9      | Reached skill level 5 in Translocations
  9264 | D:9      | Reached skill level 5 in Transmutations
  9264 | D:9      | Reached skill level 5 in Fire Magic
  9264 | D:9      | Reached skill level 5 in Ice Magic
  9264 | D:9      | Reached skill level 5 in Air Magic
  9264 | D:9      | Reached skill level 5 in Earth Magic
  9264 | D:9      | Reached skill level 5 in Poison Magic
  9264 | D:9      | Reached XP level 11. HP: 82/85 MP: 13/22
  9701 | D:9      | Reached ** piety under Fedhas
  9709 | D:9      | Found a staircase to the Lair.
 10211 | D:9      | Found a glowing silver altar of Zin.
 10211 | D:9      | Found a faded altar of an unknown god.
 10218 | D:9      | Found a shimmering altar of Xom.
 10220 | D:9      | Found a faded altar of an unknown god.
 10222 | D:9      | Found a radiant altar of Vehumet.
 10632 | D:9      | Noticed a two-headed ogre
 10640 | D:9      | Killed a two-headed ogre
 10810 | D:10     | Entered Level 10 of the Dungeon
 10987 | D:10     | Noticed a two-headed ogre
 10998 | D:10     | Killed a two-headed ogre
 11706 | D:11     | Noticed a two-headed ogre
 11715 | D:11     | HP: 11/85 [two-headed ogre/+0 giant club (21)]
 11718 | D:11     | HP: 1/85 [wraith (7)]
 11737 | D:11     | Killed a two-headed ogre
 11738 | D:11     | Found Recviune's Overcharged Wands.
 11763 | D:11     | Noticed a manticore
 11768 | D:11     | Killed a manticore
 11785 | D:11     | Noticed a two-headed ogre
 11791 | D:11     | Killed a two-headed ogre
 11812 | D:11     | HP: 12/83 [acid dragon/splash of acid (11)]
 11814 | D:11     | Reached *** piety under Fedhas
 11817 | D:11     | Found a frozen archway.
 11819 | D:11     | HP: 13/84 [white imp/puff of frost (1)]
 11826 | D:11     | HP: 12/84 [white imp/puff of frost (4)]
 11831 | D:11     | HP: 7/84 [white imp/puff of frost (7)]
 11838 | D:11     | HP: 6/84 [white imp/puff of frost (13)]
 11839 | D:11     | Mangled by a gargoyle

Illustrated notes

Levels and vault maps discovered:
D:1:      lemuel_arrival_river_passageway, layout_loops_ring,
          minmay_fountain_box, glass_columns_a
D:2:      layout_rooms, basic_altar
D:3:      layout_loops_cross, elyvilon_altar_5, cheibrodos_sewer_entry_drain,
          uniq_robin
D:4:      minmay_evil_eye, layout_loops_corners, uniq_pikel
D:5:      layout_basic, grunt_qazlal_sundering, serial_shops, shop,
          corexii_hall_statues_s
D:6:      lemuel_ice_spiral_2, layout_basic
D:7:      layout_basic, overflow_temple_1_default, fedhas_altar_1,
          minmay_temple_entry_large_hall
D:8:      layout_loops_ring, mainiacjoe_overflow_alcove_2,
          jmf_multi_god_temple2, serial_glass, glass_columns_c, glass_columns_a,
          small_statue_intersection, minmay_hedge_maze, nicolae_shop_clearance,
          uniq_amaemon, uniq_erica
D:9:      layout_stronghold, chequers_temple_overflow_minitemple,
          erik_lair_island
D:10:     layout_long_grid, pond
D:11:     layout_roguey, portal_ice_cave_entry_imps, gauntlet_entry_generic,
          nicolae_shop_overcharged_wands

Skill      XL: |  1  2  3  4  5  6  7  8  9 10 11 |
---------------+----------------------------------+-----
Spellcasting   | 5 6 7 8 |  8.7
Invocations    | 1 2 3 4 5 6 7 |  7.7
Short Blades   | 1 2 3 5 6 7 |  7.0
Long Blades    | 1 2 3 5 6 7 |  7.0
Axes           | 1 2 3 5 6 7 |  7.0
Maces & Flails | 1 2 3 5 6 7 |  7.0
Staves         | 1 2 3 5 6 7 |  7.0
Ranged Weapons | 1 2 3 5 6 7 |  7.0
Throwing       | 1 2 3 5 6 7 |  7.0
Armour         | 1 2 3 5 6 7 |  7.0
Stealth        | 1 2 3 5 6 7 |  7.0
Shields        | 1 2 3 5 6 7 |  7.0
Unarmed Combat | 1 2 3 5 6 7 |  7.0
Evocations     | 1 2 3 5 6 7 |  7.0
Hexes          | 1 2 3 4 5 |  5.8
Summonings     | 1 2 3 4 5 |  5.8
Necromancy     | 1 2 3 4 5 |  5.8
Translocations | 1 2 3 4 5 |  5.8
Transmutations | 1 2 3 4 5 |  5.8
Fire Magic     | 1 2 3 4 5 |  5.8
Ice Magic      | 1 2 3 4 5 |  5.8
Air Magic      | 1 2 3 4 5 |  5.8
Earth Magic    | 1 2 3 4 5 |  5.8
Poison Magic   | 1 2 3 4 5 |  5.8
Fighting       | 5 6 7 8 |  8.4
Dodging        | 5 6 7 8 |  8.4
Polearms       | 7 8 9 |  9.7
Conjurations   | 6 7 8 |  8.1

Action                   |  1- 3 |  4- 6 |  7- 9 | 10-12 || total
-------------------------+-------+-------+-------+-------++-------
Melee: Spear             |    66 |       |       |       ||    66
       Bite              |     8 |    34 |    40 |    31 ||   113
       Trident           |    45 |   349 |   359 |   267 ||  1020
       Punch             |       |     5 |     8 |    14 ||    27
       Dagger            |       |       |     4 |     2 ||     6
Throw: Stone             |    16 |     4 |    25 |    66 ||   111
       Dart              |     4 |    15 |    19 |    17 ||    55
       Javelin           |       |       |     1 |     6 ||     7
 Cast: Kiss of Death     |     1 |     1 |     4 |     5 ||    11
       Momentum Strike   |     1 |       |       |       ||     1
       Hailstorm         |       |       |    10 |    20 ||    30
       Tukima's Dance    |       |       |       |    22 ||    22
Evoke: Wand              |       |       |     1 |    27 ||    28
  Use: Scroll            |       |    10 |     4 |     7 ||    21
       Potion            |       |     2 |     1 |     6 ||     9
 Stab: Sleeping          |     2 |     3 |     5 |     2 ||    12
       Distracted        |       |       |     1 |       ||     1
Armor: Leather armour    |    15 |    73 |    99 |     3 ||   190
       Robe              |       |       |       |    93 ||    93
Dodge: Dodged            |    49 |   163 |   165 |   186 ||   563

Table legend: (Time is in decaauts)
 A = Elapsed time spent in this place.
 B = Non-inter-level travel time spent in this place.
 C = Inter-level travel time spent in this place.
 D = Time resting spent in this place.
 E = Time spent auto-exploring this place.
 F = Levels seen in this place.
 G = Mean time per level.
                   A        B        C        D        E       F      G
               +--------+--------+--------+--------+--------+-----+--------+
         Total |  11975 |  11231 |    744 |    957 |   7614 |  12 |  997.9 |
       Dungeon |  10770 |  10026 |    744 |    906 |   7048 |  11 |  979.1 |
         Sewer |   1204 |   1204 |      0 |     51 |    566 |   1 | 1204.0 |
               +--------+--------+--------+--------+--------+-----+--------+

Top non-repeatable levels by time:
     D:4: 1629 daAuts
     D:9: 1568 daAuts
     D:6: 1315 daAuts
   Sewer: 1204 daAuts
     D:8: 1159 daAuts
     D:3: 1014 daAuts
     D:5: 900 daAuts
    D:10: 899 daAuts
     D:7: 886 daAuts
     D:1: 813 daAuts
     D:2: 440 daAuts
    D:11: 144 daAuts
